Checkers 2 vs Reign

Created - 22 février 2024 at 09:57

Goals
1 2 3 T
Checkers 2 1 2 1 4
Reign 1 1 0 2
Shots
1 2 3 T
Checkers 2 6 17 13 36
Reign 5 7 1 13

GoalsPenalties
1st period
1. Reign , Tyler Bozak 13 (Jacob Peterson 10) at 10:55 (PP)
2. Checkers 2 , Evgeny Svechnikov 1 (Wayne Simmonds 17, Alex Galchenyuk 5) at 18:38
Cale Fleury (SEA) for Hooking (Minor) at 9:51
2nd period
3. Checkers 2 , Laurent Dauphin 27 (Colton White 19) at 0:12
4. Reign , Nathan Smith 7 (Spencer Smallman 10) at 10:43
5. Checkers 2 , Max Pacioretty 39 (Conor Timmins 25, Brett Ritchie 37) at 12:47
Brett Ritchie (SEA) for Tripping (Minor) at 0:39
3rd period
6. Checkers 2 , Max Pacioretty 40 (Laurent Dauphin 60) at 0:08
No Penalty
Goalie Stats
David Rittich (SEA), 11 saves from 13 shots - (0,846), W, 50-22-6, 60:00 minutes
Vadim Zherenko (LOS), 32 saves from 36 shots - (0,889), L, 5-8-2, 60:00 minutes
3 StarsOfficial
1 - Max Pacioretty (SEA)
2 - Laurent Dauphin (SEA)
3 - Evgeny Svechnikov (SEA)
Referees : Brandon Blandina and Wes McCauley
Linesman : Caleb Apperson and Mark Shewchyk
Game Note
Nolan Stevens is injured at 1:38 of 3rd period (Back Spasms)



Team Name Goals Shots Shots Attemp Shots Blocked PIM HIT PP PK FO%
Checkers 2 4366854250 / 0 (0%150%
Reign 21335120141 / 2 (50%)050%

Checkers 2
Player Name POS G A P +/- PIM HIT SHT SB MP PP MP PP SHT PK MP PK SHT FO% FOT GA TA
Alex GalchenyukC/LW/RW0111000013:030:0000:0300% 010
Brett RitchieRW0112235122:590:0000:330100% 100
Cale FleuryD0001201114:430:0000:0000% 000
Colton WhiteD0112023023:410:0000:0000% 000
Conor TimminsD0110000119:510:0002:0400% 001
Evgeny SvechnikovLW/RW1011031016:450:0000:00050% 800
Hudson FaschingRW0000010012:360:0000:0000% 000
Jake ChristiansenD0000010118:110:0000:5900% 000
Joel HanleyD0002010027:050:0002:0400% 000
Joel KivirantaLW/RW0000023121:370:0001:2800% 020
Laurent DauphinC1122027023:590:0001:28255% 2910
Max PaciorettyLW2022017022:030:0000:0000% 000
Nathan WalkerLW0000032018:530:0000:5900% 110
Parker KellyC/LW000000001:470:0000:0000% 000
Scott HarringtonD0001010016:280:0000:5900% 000
Sheldon DriesC0000033015:060:0001:35129% 710
Victor MeteD000000000:000:0000:0000% 000
Wayne SimmondsLW/RW011102408:080:0000:0000% 002
Reign
Player Name POS G A P +/- PIM HIT SHT SB MP PP MP PP SHT PK MP PK SHT FO% FOT GA TA
Alexander HoltzLW/RW000-2010222:471:4200:0000% 112
Arshdeep BainsLW0000010012:430:0000:0000% 001
Carsen TwarynskiLW0000012118:031:2110:0000% 100
David GustRW0000010116:021:2100:0000% 001
Georgii MerkulovLW000000002:030:0000:0000% 000
Jacob PetersonC/LW011-2021322:431:4200:00056% 3200
Louie BelpedioD0000010219:061:3300:0000% 001
Lukas RousekRW000000004:460:0000:0000% 000
Michael KesselringD0000010013:280:0000:0000% 000
Nathan SmithC101-1002118:570:0000:000100% 410
Nick DeSimoneD000-3000124:191:3000:0000% 000
Nolan StevensLW000-1020013:040:0000:0000% 000
Oliver KylingtonD000-3002126:591:3000:0000% 000
Robbie RussoD0000001020:191:3300:0000% 000
Robin SaloD0000010013:100:0000:0000% 000
Ryan JonesD000000007:230:0000:0000% 000
Spencer SmallmanRW011-1022019:380:4000:0000% 110
Tyler BozakC/RW101-2013024:302:2320:00014% 701

Checkers 2

5 vs 5 Forward
Line #Left WingCenterRight WingPHYDFOFWanted %Time %Time Play
1Max PaciorettyLaurent DauphinBrett Ritchie0234539%22:03
2Nathan WalkerEvgeny SvechnikovJoel Kiviranta0233030%16:58
3Joel KivirantaSheldon DriesHudson Fasching0322021%11:46
4Joel KivirantaAlex GalchenyukWayne Simmonds032511%6:10
5 vs 5 Defense
Line #DefenseDefensePHYDFOFWanted %Time %Time Play
1Joel HanleyColton White0325042%23:41
2Conor TimminsJake Christiansen0323030%17:12
3Scott HarringtonCale Fleury0321026%14:44
4Joel HanleyConor Timmins032102%1:20
Power Play Forward
Line #Left WingCenterRight WingPHYDFOFWanted %Time %Time Play
1Max PaciorettyLaurent DauphinBrett Ritchie023600%0:00
2Nathan WalkerSheldon DriesJoel Kiviranta023400%0:00
Power Play Defense
Line #DefenseDefensePHYDFOFWanted %Time %Time Play
1Joel HanleyColton White023600%0:00
2Conor TimminsJoel Hanley023400%0:00
Penalty Kill 4 Players Forward
Line #CenterWingPHYDFOFWanted %Time %Time Play
1Laurent DauphinJoel Kiviranta0505048%1:28
2Sheldon DriesBrett Ritchie0505052%1:35
Penalty Kill 4 Players Defense
Line #DefenseDefensePHYDFOFWanted %Time %Time Play
1Joel HanleyConor Timmins1316068%2:04
2Scott HarringtonJake Christiansen1314032%0:59
Penalty Kill 3 Players
Line #WingPHYDFOFWanted %Time %Time PlayDefenseDefensePHYDFOFWanted %Time %Time Play
1Wayne Simmonds050600%0:00 Joel HanleyConor Timmins041600%0:00
2Hudson Fasching050400%0:00 Scott HarringtonJake Christiansen041400%0:00
4 vs 4 Forward
Line #CenterWingPHYDFOFWanted %Time %Time Play
1Laurent DauphinMax Pacioretty032500%0:00
2Sheldon DriesBrett Ritchie032500%0:00
4 vs 4 Defense
Line #DefensePHYDFOFWanted %Time %Time Play
1Joel HanleyColton White032600%0:00
2Conor TimminsJake Christiansen032400%0:00
Last Minutes Offensive
Left WingCenterRight WingDefenseDefense
Max PaciorettySheldon DriesBrett RitchieJoel HanleyColton White
Last Minutes Defensive
Left WingCenterRight WingDefenseDefense
Nathan WalkerLaurent DauphinJoel KivirantaConor TimminsScott Harrington
Time
Total ForwardTotal DefenseLast Minutes OffensiveLast Minutes Defensive
60:00 60:00 0:000:00
Extra Forwards
Normal PowerPlayPenalty Kill
Nathan Walker, Laurent Dauphin, Brett RitchieLaurent Dauphin, Brett RitchieNathan Walker
Extra Defensemen
Normal PowerPlayPenalty Kill
Joel Hanley, Conor Timmins, Scott HarringtonJoel Hanley, Conor TimminsScott Harrington
Penalty Shots
Max Pacioretty, Sheldon Dries, Brett Ritchie, Nathan Walker, Laurent Dauphin
Goalie
David Rittich, Antti Raanta
Scratches
Gage Quinney (Healthy), Michael Del Zotto (Healthy), Xavier Ouellet (Healthy), Jeremy Davies (Healthy), Martin Kaut (Healthy) Mikhail Maltsev (Healthy), Noah Juulsen (Healthy), Alex Belzile (Healthy), Nate Thompson (Healthy), Jan Mysak (Healthy) Radim Zohorna (Healthy), Patrick Guay (Healthy), Pavel Francouz (Healthy), Maxime Lagace (Healthy), Zach Sawchenko (Healthy)

Reign

5 vs 5 Forward
Line #Left WingCenterRight WingPHYDFOFWanted %Time %Time Play
1Alexander HoltzJacob PetersonTyler Bozak1044422%12:43
2Carsen TwarynskiTyler BozakDavid Gust4013230%16:54
3Nolan StevensNathan SmithSpencer Smallman2301634%19:05
4Arshdeep BainsJacob PetersonAlexander Holtz212814%8:15
5 vs 5 Defense
Line #DefenseDefensePHYDFOFWanted %Time %Time Play
1Oliver KylingtonNick DeSimone2214537%21:21
2Robbie RussoLouie Belpedio2033030%16:51
3Michael KesselringRobin Salo1402023%13:05
4Ryan JonesOliver Kylington122510%5:40
Power Play Forward
Line #Left WingCenterRight WingPHYDFOFWanted %Time %Time Play
1Alexander HoltzJacob PetersonTyler Bozak1137056%1:42
2Carsen TwarynskiTyler BozakDavid Gust1043044%1:21
Power Play Defense
Line #DefenseDefensePHYDFOFWanted %Time %Time Play
1Oliver KylingtonNick DeSimone0236349%1:30
2Robbie RussoLouie Belpedio1223751%1:33
Penalty Kill 4 Players Forward
Line #CenterWingPHYDFOFWanted %Time %Time Play
1Jacob PetersonAlexander Holtz131600%0:00
2Tyler BozakCarsen Twarynski140400%0:00
Penalty Kill 4 Players Defense
Line #DefenseDefensePHYDFOFWanted %Time %Time Play
1Oliver KylingtonNick DeSimone122600%0:00
2Robbie RussoLouie Belpedio122400%0:00
Penalty Kill 3 Players
Line #WingPHYDFOFWanted %Time %Time PlayDefenseDefensePHYDFOFWanted %Time %Time Play
1Jacob Peterson140510%0:00 Oliver KylingtonNick DeSimone122600%0:00
2Tyler Bozak041490%0:00 Robbie RussoLouie Belpedio122400%0:00
4 vs 4 Forward
Line #CenterWingPHYDFOFWanted %Time %Time Play
1Jacob PetersonAlexander Holtz212600%0:00
2Tyler BozakCarsen Twarynski113400%0:00
4 vs 4 Defense
Line #DefensePHYDFOFWanted %Time %Time Play
1Oliver KylingtonNick DeSimone131600%0:00
2Robbie RussoLouie Belpedio131400%0:00
Last Minutes Offensive
Left WingCenterRight WingDefenseDefense
Alexander HoltzJacob PetersonTyler BozakOliver KylingtonNick DeSimone
Last Minutes Defensive
Left WingCenterRight WingDefenseDefense
Alexander HoltzJacob PetersonTyler BozakOliver KylingtonNick DeSimone
Time
Total ForwardTotal DefenseLast Minutes OffensiveLast Minutes Defensive
60:00 60:00 0:000:00
Extra Forwards
Normal PowerPlayPenalty Kill
Spencer Smallman, Carsen Twarynski, Nolan StevensSpencer Smallman, Carsen TwarynskiSpencer Smallman
Extra Defensemen
Normal PowerPlayPenalty Kill
Michael Kesselring, Robin Salo, Ryan JonesMichael Kesselring, Michael KesselringRobin Salo
Penalty Shots
Alexander Holtz, Jacob Peterson, Tyler Bozak, David Gust, Spencer Smallman
Goalie
Vadim Zherenko, Carey Price
Scratches
Akil Thomas (Healthy), Martin Pospisil (Healthy), Jan Jenik (Healthy), Michal Teply (Healthy), Colin Theisen (Healthy) Nick Cicek (Healthy), Samuel Laberge (Healthy), Thomas Bordeleau (Healthy), Albert Johansson (Healthy), Matej Blumel (Sprained Right Knee Injury) Parker Ford (Healthy), Pavol Regenda (Healthy), Shakir Mukhamadullin (Healthy), Calle Clang (Healthy)


Play-by-Play

1st period


0:01 of 1st period - Jacob Peterson wins face-off versus Laurent Dauphin in neutral zone.
1:06 of 1st period - Jake Christiansen is hit by Jacob Peterson and loses puck.
2:02 of 1st period - Spencer Smallman is hit by Brett Ritchie and loses puck.
2:18 of 1st period - Icing by Louie Belpedio.
2:19 of 1st period - Evgeny Svechnikov wins face-off versus Tyler Bozak in Reign zone.
2:22 of 1st period - Wrist shot by Nathan Walker.
2:22 of 1st period - Shot Blocked by Louie Belpedio.
2:24 of 1st period - Slapshot by Joel Hanley.
2:24 of 1st period - Shot Misses the Net.
2:26 of 1st period - Slapshot by Joel Hanley.
2:26 of 1st period - Shot Blocked by Carsen Twarynski.
2:46 of 1st period - Wrist shot by Jacob Peterson.
2:46 of 1st period - Stopped by David Rittich with a rebound.
3:02 of 1st period - Wrist shot by Laurent Dauphin.
3:02 of 1st period - Shot Misses the Net.
3:12 of 1st period - Sheldon Dries is hit by Robin Salo and loses puck.
4:03 of 1st period - Oliver Kylington is hit by Wayne Simmonds and loses puck.
5:36 of 1st period - Nolan Stevens is hit by Scott Harrington and loses puck.
6:41 of 1st period - Oliver Kylington is hit by Colton White and loses puck.
7:04 of 1st period - Oliver Kylington is hit by Brett Ritchie and loses puck.
7:43 of 1st period - Sheldon Dries is hit by Tyler Bozak and loses puck.
8:54 of 1st period - Tyler Bozak is hit by Wayne Simmonds and loses puck.
9:51 of 1st period - Minor Penalty to Cale Fleury for Hooking.
9:52 of 1st period - Laurent Dauphin wins face-off versus Jacob Peterson in Checkers 2 zone.
9:52 of 1st period - Laurent Dauphin is hit by Louie Belpedio.
10:22 of 1st period - Icing by Jacob Peterson.
10:23 of 1st period - Jacob Peterson wins face-off versus Laurent Dauphin in Reign zone.
10:23 of 1st period - Jacob Peterson is hit by Jake Christiansen.
10:43 of 1st period - Wrist shot by Carsen Twarynski.
10:43 of 1st period - Shot Misses the Net.
10:45 of 1st period - Snap shot by Carsen Twarynski.
10:45 of 1st period - Shot Blocked by Jake Christiansen.
10:49 of 1st period - Snap shot by Carsen Twarynski.
10:49 of 1st period - Stopped by David Rittich without a rebound.
10:50 of 1st period - Jacob Peterson wins face-off versus Sheldon Dries in Checkers 2 zone.
10:51 of 1st period - Wrist shot by Alexander Holtz.
10:51 of 1st period - Shot Blocked by Conor Timmins.
10:53 of 1st period - Wrist shot by Nick DeSimone.
10:53 of 1st period - Deflect By Tyler Bozak.
10:53 of 1st period - Shot Misses the Net.
10:53 of 1st period - Puck is out of play.
10:54 of 1st period - Jacob Peterson wins face-off versus Sheldon Dries in Checkers 2 zone.
10:55 of 1st period - Wrist shot by Tyler Bozak.
10:55 of 1st period - Goal by Tyler Bozak - Checkers 2 : 0 - Reign : 1.
10:56 of 1st period - Laurent Dauphin wins face-off versus Jacob Peterson in neutral zone.
10:59 of 1st period - Wrist shot by Max Pacioretty.
10:59 of 1st period - Shot Misses the Net.
11:01 of 1st period - Snap shot by Laurent Dauphin.
11:01 of 1st period - Shot Misses the Net.
11:03 of 1st period - Wrist shot by Max Pacioretty.
11:03 of 1st period - Shot Misses the Net.
11:05 of 1st period - Snap shot by Laurent Dauphin.
11:05 of 1st period - Shot Blocked by Alexander Holtz.
11:07 of 1st period - Slapshot by Colton White.
11:07 of 1st period - Stopped by Vadim Zherenko with a rebound.
11:09 of 1st period - Snap shot by Laurent Dauphin.
11:09 of 1st period - Stopped by Vadim Zherenko with a rebound.
11:11 of 1st period - Slapshot by Joel Hanley.
11:11 of 1st period - Shot Blocked by Alexander Holtz.
13:21 of 1st period - Robbie Russo is hit by Nathan Walker and loses puck.
14:58 of 1st period - Icing by Laurent Dauphin.
14:59 of 1st period - Laurent Dauphin wins face-off versus Tyler Bozak in Checkers 2 zone.
15:26 of 1st period - Spencer Smallman is hit by Laurent Dauphin and loses puck.
15:44 of 1st period - Snap shot by Wayne Simmonds.
15:44 of 1st period - Stopped by Vadim Zherenko with a rebound.
15:46 of 1st period - Snap shot by Nathan Walker.
15:46 of 1st period - Shot Blocked by Nick DeSimone.
15:48 of 1st period - Snap shot by Wayne Simmonds.
15:48 of 1st period - Stopped by Vadim Zherenko with a rebound.
16:53 of 1st period - Icing by Nathan Walker.
16:54 of 1st period - Sheldon Dries wins face-off versus Jacob Peterson in Checkers 2 zone.
17:16 of 1st period - Snap shot by Brett Ritchie.
17:16 of 1st period - Shot Blocked by David Gust.
17:32 of 1st period - Slapshot by Robbie Russo.
17:32 of 1st period - Shot Misses the Net.
17:34 of 1st period - Wrist shot by Spencer Smallman.
17:34 of 1st period - Shot Misses the Net.
17:52 of 1st period - Snap shot by Sheldon Dries.
17:52 of 1st period - Stopped by Vadim Zherenko with a rebound.
17:58 of 1st period - Slapshot by Hudson Fasching.
17:58 of 1st period - Shot Misses the Net.
18:38 of 1st period - Snap shot by Evgeny Svechnikov.
18:38 of 1st period - Goal by Evgeny Svechnikov - Checkers 2 : 1 - Reign : 1.
18:39 of 1st period - Jacob Peterson wins face-off versus Laurent Dauphin in neutral zone.
18:50 of 1st period - Wrist shot by Alexander Holtz.
18:50 of 1st period - Shot Blocked by Brett Ritchie.
18:52 of 1st period - Wrist shot by Alexander Holtz.
18:52 of 1st period - Shot Misses the Net.
18:54 of 1st period - Backhand shot by Oliver Kylington.
18:54 of 1st period - Deflect By Tyler Bozak.
18:54 of 1st period - Stopped by David Rittich with a rebound.
19:26 of 1st period - Hudson Fasching is hit by David Gust and loses puck.
19:39 of 1st period - Wrist shot by Carsen Twarynski.
19:39 of 1st period - Stopped by David Rittich without a rebound.
19:40 of 1st period - Jacob Peterson wins face-off versus Laurent Dauphin in Checkers 2 zone.
19:49 of 1st period - Snap shot by Laurent Dauphin.
19:49 of 1st period - Shot Blocked by Jacob Peterson.
19:51 of 1st period - Wrist shot by Laurent Dauphin.
19:51 of 1st period - Deflect By Jacob Peterson.
19:51 of 1st period - Shot Misses the Net.
19:51 of 1st period - Puck is out of play.
19:52 of 1st period - Jacob Peterson wins face-off versus Laurent Dauphin in Reign zone.
19:52 of 1st period - Jacob Peterson is hit by Brett Ritchie.
Goals for this period are 1 for Checkers 2 vs 1 for Reign.
Shots for this period are 6 for Checkers 2 vs 5 for Reign.

2nd period


0:01 of 2nd period - Jacob Peterson wins face-off versus Laurent Dauphin in neutral zone.
0:10 of 2nd period - Slapshot by Colton White.
0:10 of 2nd period - Shot Misses the Net.
0:12 of 2nd period - Wrist shot by Laurent Dauphin.
0:12 of 2nd period - Goal by Laurent Dauphin - Checkers 2 : 2 - Reign : 1.
0:13 of 2nd period - Laurent Dauphin wins face-off versus Jacob Peterson in neutral zone.
0:18 of 2nd period - Snap shot by Laurent Dauphin.
0:18 of 2nd period - Stopped by Vadim Zherenko with a rebound.
0:26 of 2nd period - Backhand shot by Alexander Holtz.
0:26 of 2nd period - Shot Misses the Net.
0:28 of 2nd period - Slapshot by Jacob Peterson.
0:28 of 2nd period - Shot Misses the Net.
0:39 of 2nd period - Minor Penalty to Brett Ritchie for Tripping.
0:40 of 2nd period - Jacob Peterson wins face-off versus Sheldon Dries in Checkers 2 zone.
0:41 of 2nd period - Slapshot by Tyler Bozak.
0:41 of 2nd period - Stopped by David Rittich with a rebound.
1:10 of 2nd period - Wrist shot by Sheldon Dries.
1:10 of 2nd period - Stopped by Vadim Zherenko with a rebound.
1:33 of 2nd period - Icing by David Gust.
1:34 of 2nd period - Laurent Dauphin wins face-off versus Spencer Smallman in Reign zone.
1:37 of 2nd period - Snap shot by Laurent Dauphin.
1:37 of 2nd period - Stopped by Vadim Zherenko with a rebound.
1:39 of 2nd period - Snap shot by Joel Kiviranta.
1:39 of 2nd period - Shot Misses the Net.
1:41 of 2nd period - Snap shot by Laurent Dauphin.
1:41 of 2nd period - Stopped by Vadim Zherenko without a rebound.
1:42 of 2nd period - Jacob Peterson wins face-off versus Sheldon Dries in Reign zone.
1:46 of 2nd period - Off-side.
1:47 of 2nd period - Sheldon Dries wins face-off versus Jacob Peterson in neutral zone.
2:39 of 2nd period - Penalty to Brett Ritchie is over, Brett Ritchie is back on ice.
2:48 of 2nd period - Carsen Twarynski is hit by Nathan Walker and loses puck.
3:09 of 2nd period - Joel Kiviranta is hit by Spencer Smallman and loses puck.
3:22 of 2nd period - Max Pacioretty is hit by Alexander Holtz and loses puck.
5:34 of 2nd period - Carsen Twarynski is hit by Evgeny Svechnikov and loses puck.
7:17 of 2nd period - Icing by Spencer Smallman.
7:18 of 2nd period - Laurent Dauphin wins face-off versus Carsen Twarynski in Reign zone.
7:56 of 2nd period - Arshdeep Bains is hit by Colton White and loses puck.
9:07 of 2nd period - Slapshot by Wayne Simmonds.
9:07 of 2nd period - Stopped by Vadim Zherenko with a rebound.
9:20 of 2nd period - Icing by Sheldon Dries.
9:21 of 2nd period - Laurent Dauphin wins face-off versus Jacob Peterson in Checkers 2 zone.
9:36 of 2nd period - Nathan Walker is hit by Spencer Smallman and loses puck.
9:54 of 2nd period - Icing by Carsen Twarynski.
9:55 of 2nd period - Laurent Dauphin wins face-off versus Tyler Bozak in Reign zone.
10:08 of 2nd period - Snap shot by Laurent Dauphin.
10:08 of 2nd period - Stopped by Vadim Zherenko without a rebound.
10:09 of 2nd period - Jacob Peterson wins face-off versus Evgeny Svechnikov in Reign zone.
10:26 of 2nd period - Wrist shot by Nathan Walker.
10:26 of 2nd period - Stopped by Vadim Zherenko with a rebound.
10:41 of 2nd period - Snap shot by Nathan Smith.
10:41 of 2nd period - Stopped by David Rittich with a rebound.
10:43 of 2nd period - Snap shot by Nathan Smith.
10:43 of 2nd period - Goal by Nathan Smith - Checkers 2 : 2 - Reign : 2.
10:44 of 2nd period - Jacob Peterson wins face-off versus Laurent Dauphin in neutral zone.
11:09 of 2nd period - Joel Hanley is hit by Carsen Twarynski and loses puck.
11:29 of 2nd period - Off-side.
11:30 of 2nd period - Jacob Peterson wins face-off versus Nathan Walker in neutral zone.
11:44 of 2nd period - Off-side.
11:45 of 2nd period - Evgeny Svechnikov wins face-off versus Jacob Peterson in neutral zone.
12:10 of 2nd period - Max Pacioretty is hit by Nolan Stevens and loses puck.
12:31 of 2nd period - Snap shot by Joel Kiviranta.
12:31 of 2nd period - Stopped by Vadim Zherenko with a rebound.
12:33 of 2nd period - Snap shot by Joel Hanley.
12:33 of 2nd period - Deflect By Hudson Fasching.
12:33 of 2nd period - Shot Misses the Net.
12:33 of 2nd period - Puck is out of play.
12:34 of 2nd period - Nathan Smith wins face-off versus Laurent Dauphin in Reign zone.
12:47 of 2nd period - Slapshot by Conor Timmins.
12:47 of 2nd period - Deflect By Max Pacioretty.
12:47 of 2nd period - Goal by Max Pacioretty - Checkers 2 : 3 - Reign : 2.
12:48 of 2nd period - Brett Ritchie wins face-off versus Jacob Peterson in neutral zone.
12:59 of 2nd period - Wrist shot by Jacob Peterson.
12:59 of 2nd period - Shot Misses the Net.
13:01 of 2nd period - Slapshot by Oliver Kylington.
13:01 of 2nd period - Deflect By Joel Hanley.
13:01 of 2nd period - Stopped by David Rittich with a rebound.
13:03 of 2nd period - Wrist shot by Alexander Holtz.
13:03 of 2nd period - Shot Misses the Net.
13:13 of 2nd period - Nick DeSimone is hit by Joel Kiviranta and loses puck.
13:22 of 2nd period - Snap shot by Joel Kiviranta.
13:22 of 2nd period - Stopped by Vadim Zherenko without a rebound.
13:23 of 2nd period - Laurent Dauphin wins face-off versus Alexander Holtz in Reign zone.
13:24 of 2nd period - Slapshot by Max Pacioretty.
13:24 of 2nd period - Shot Blocked by Jacob Peterson.
13:48 of 2nd period - Nathan Walker is hit by Nolan Stevens and loses puck.
13:55 of 2nd period - Backhand shot by Oliver Kylington.
13:55 of 2nd period - Stopped by David Rittich without a rebound.
13:56 of 2nd period - Jacob Peterson wins face-off versus Evgeny Svechnikov in Checkers 2 zone.
14:01 of 2nd period - Wrist shot by Alexander Holtz.
14:01 of 2nd period - Shot Misses the Net.
14:03 of 2nd period - Wrist shot by Alexander Holtz.
14:03 of 2nd period - Shot Misses the Net.
14:21 of 2nd period - Spencer Smallman is hit by Laurent Dauphin and loses puck.
14:26 of 2nd period - Snap shot by Brett Ritchie.
14:26 of 2nd period - Stopped by Vadim Zherenko with a rebound.
14:30 of 2nd period - Snap shot by Max Pacioretty.
14:30 of 2nd period - Shot Misses the Net.
14:32 of 2nd period - Wrist shot by Max Pacioretty.
14:32 of 2nd period - Deflect By Nathan Smith.
14:32 of 2nd period - Stopped by Vadim Zherenko with a rebound.
14:34 of 2nd period - Snap shot by Laurent Dauphin.
14:34 of 2nd period - Deflect By Max Pacioretty.
14:34 of 2nd period - Stopped by Vadim Zherenko with a rebound.
15:06 of 2nd period - Snap shot by Arshdeep Bains.
15:06 of 2nd period - Shot Misses the Net.
15:08 of 2nd period - Slapshot by Oliver Kylington.
15:08 of 2nd period - Shot Misses the Net.
15:10 of 2nd period - Wrist shot by Alexander Holtz.
15:10 of 2nd period - Shot Hit the Post.
15:56 of 2nd period - Wrist shot by Max Pacioretty.
15:56 of 2nd period - Shot Misses the Net.
15:58 of 2nd period - Snap shot by Max Pacioretty.
15:58 of 2nd period - Stopped by Vadim Zherenko without a rebound.
15:59 of 2nd period - Nathan Smith wins face-off versus Laurent Dauphin in Reign zone.
16:10 of 2nd period - Wrist shot by Brett Ritchie.
16:10 of 2nd period - Stopped by Vadim Zherenko with a rebound.
16:12 of 2nd period - Slapshot by Joel Hanley.
16:12 of 2nd period - Shot Misses the Net.
16:14 of 2nd period - Slapshot by Joel Hanley.
16:14 of 2nd period - Shot Misses the Net.
16:26 of 2nd period - Wrist shot by Sheldon Dries.
16:26 of 2nd period - Stopped by Vadim Zherenko without a rebound.
16:27 of 2nd period - Jacob Peterson wins face-off versus Sheldon Dries in Reign zone.
16:32 of 2nd period - Slapshot by Robbie Russo.
16:32 of 2nd period - Stopped by David Rittich without a rebound.
16:33 of 2nd period - Laurent Dauphin wins face-off versus Tyler Bozak in Checkers 2 zone.
17:02 of 2nd period - Slapshot by Louie Belpedio.
17:02 of 2nd period - Shot Blocked by Joel Kiviranta.
17:08 of 2nd period - Snap shot by Nolan Stevens.
17:08 of 2nd period - Shot Misses the Net.
17:10 of 2nd period - Snap shot by Nolan Stevens.
17:10 of 2nd period - Deflect By Spencer Smallman.
17:10 of 2nd period - Stopped by David Rittich with a rebound.
18:38 of 2nd period - Tyler Bozak is hit by Sheldon Dries and loses puck.
19:14 of 2nd period - Nolan Stevens is hit by Evgeny Svechnikov.
Goals for this period are 2 for Checkers 2 vs 1 for Reign.
Shots for this period are 17 for Checkers 2 vs 7 for Reign.

3rd period


0:01 of 3rd period - Laurent Dauphin wins face-off versus Jacob Peterson in neutral zone.
0:06 of 3rd period - Snap shot by Max Pacioretty.
0:06 of 3rd period - Deflect By Jacob Peterson.
0:06 of 3rd period - Shot Misses the Net.
0:06 of 3rd period - Puck is out of play.
0:07 of 3rd period - Laurent Dauphin wins face-off versus Tyler Bozak in Reign zone.
0:08 of 3rd period - Snap shot by Max Pacioretty.
0:08 of 3rd period - Goal by Max Pacioretty - Checkers 2 : 4 - Reign : 2.
0:09 of 3rd period - Jacob Peterson wins face-off versus Laurent Dauphin in neutral zone.
0:20 of 3rd period - Icing by Jacob Peterson.
0:21 of 3rd period - Laurent Dauphin wins face-off versus Jacob Peterson in Reign zone.
0:28 of 3rd period - Snap shot by Max Pacioretty.
0:28 of 3rd period - Stopped by Vadim Zherenko without a rebound.
0:29 of 3rd period - Laurent Dauphin wins face-off versus Jacob Peterson in Reign zone.
0:46 of 3rd period - Wrist shot by Brett Ritchie.
0:46 of 3rd period - Stopped by Vadim Zherenko without a rebound.
0:47 of 3rd period - Evgeny Svechnikov wins face-off versus Tyler Bozak in Reign zone.
1:17 of 3rd period - Slapshot by Brett Ritchie.
1:17 of 3rd period - Stopped by Vadim Zherenko with a rebound.
1:19 of 3rd period - Slapshot by Brett Ritchie.
1:19 of 3rd period - Shot Blocked by Oliver Kylington.
1:21 of 3rd period - Slapshot by Colton White.
1:21 of 3rd period - Stopped by Vadim Zherenko with a rebound.
1:23 of 3rd period - Slapshot by Colton White.
1:23 of 3rd period - Stopped by Vadim Zherenko with a rebound.
1:25 of 3rd period - Slapshot by Colton White.
1:25 of 3rd period - Shot Misses the Net.
1:37 of 3rd period - Nolan Stevens is hit by Sheldon Dries and loses puck.
1:38 of 3rd period - Nolan Stevens from Reign is injured at 1:38 of 3rd period (Back Spasms).
1:39 of 3rd period - Laurent Dauphin wins face-off versus Jacob Peterson in Reign zone.
2:04 of 3rd period - Carsen Twarynski is hit by Joel Kiviranta and loses puck.
2:27 of 3rd period - Wrist shot by Joel Kiviranta.
2:27 of 3rd period - Stopped by Vadim Zherenko with a rebound.
2:39 of 3rd period - Slapshot by Brett Ritchie.
2:39 of 3rd period - Stopped by Vadim Zherenko with a rebound.
2:41 of 3rd period - Snap shot by Laurent Dauphin.
2:41 of 3rd period - Shot Blocked by Nathan Smith.
2:43 of 3rd period - Slapshot by Laurent Dauphin.
2:43 of 3rd period - Stopped by Vadim Zherenko without a rebound.
2:44 of 3rd period - Nathan Smith wins face-off versus Laurent Dauphin in Reign zone.
3:09 of 3rd period - Carsen Twarynski is hit by Nathan Walker and loses puck.
3:14 of 3rd period - Slapshot by Nathan Walker.
3:14 of 3rd period - Stopped by Vadim Zherenko with a rebound.
3:16 of 3rd period - Wrist shot by Cale Fleury.
3:16 of 3rd period - Deflect By Spencer Smallman.
3:16 of 3rd period - Stopped by Vadim Zherenko without a rebound.
3:17 of 3rd period - Evgeny Svechnikov wins face-off versus Jacob Peterson in Reign zone.
3:30 of 3rd period - Snap shot by Nathan Walker.
3:30 of 3rd period - Shot Misses the Net.
3:32 of 3rd period - Slapshot by Scott Harrington.
3:32 of 3rd period - Shot Blocked by Jacob Peterson.
3:46 of 3rd period - Slapshot by Brett Ritchie.
3:46 of 3rd period - Deflect By Max Pacioretty.
3:46 of 3rd period - Shot Misses the Net.
3:46 of 3rd period - Puck is out of play.
3:47 of 3rd period - Nathan Smith wins face-off versus Laurent Dauphin in Reign zone.
4:09 of 3rd period - Off-side.
4:10 of 3rd period - Tyler Bozak wins face-off versus Evgeny Svechnikov in neutral zone.
4:19 of 3rd period - Slapshot by Joel Hanley.
4:19 of 3rd period - Shot Misses the Net.
4:42 of 3rd period - Snap shot by Spencer Smallman.
4:42 of 3rd period - Stopped by David Rittich without a rebound.
4:43 of 3rd period - Jacob Peterson wins face-off versus Laurent Dauphin in Checkers 2 zone.
4:44 of 3rd period - Wrist shot by Alexander Holtz.
4:44 of 3rd period - Shot Blocked by Cale Fleury.
4:55 of 3rd period - Off-side.
4:56 of 3rd period - Laurent Dauphin wins face-off versus Jacob Peterson in neutral zone.
4:59 of 3rd period - Nick DeSimone is hit by Max Pacioretty.
5:03 of 3rd period - Jacob Peterson is hit by Joel Hanley and loses puck.
5:10 of 3rd period - Snap shot by Max Pacioretty.
5:10 of 3rd period - Stopped by Vadim Zherenko without a rebound.
5:11 of 3rd period - Jacob Peterson wins face-off versus Evgeny Svechnikov in Reign zone.
5:24 of 3rd period - Wrist shot by Tyler Bozak.
5:24 of 3rd period - Shot Misses the Net.
5:26 of 3rd period - Wrist shot by Jacob Peterson.
5:26 of 3rd period - Shot Misses the Net.
6:01 of 3rd period - Snap shot by Sheldon Dries.
6:01 of 3rd period - Shot Blocked by Louie Belpedio.
6:03 of 3rd period - Snap shot by Hudson Fasching.
6:03 of 3rd period - Shot Misses the Net.
7:48 of 3rd period - Louie Belpedio is hit by Hudson Fasching and loses puck.
8:45 of 3rd period - Snap shot by Wayne Simmonds.
8:45 of 3rd period - Stopped by Vadim Zherenko with a rebound.
13:38 of 3rd period - Conor Timmins is hit by Jacob Peterson and loses puck.
13:57 of 3rd period - Joel Hanley is hit by Arshdeep Bains and loses puck.
14:20 of 3rd period - Scott Harrington is hit by Michael Kesselring.
16:08 of 3rd period - Arshdeep Bains is hit by Evgeny Svechnikov and loses puck.
19:56 of 3rd period - Oliver Kylington is hit by Sheldon Dries and loses puck.
Goals for this period are 1 for Checkers 2 vs 0 for Reign.
Shots for this period are 13 for Checkers 2 vs 1 for Reign.